 Dungeon Crawl Stone Soup version 0.32-a0-473-gd044c6f0f0 (webtiles) character file.

Game seed: 3172754665169316568

57 cforsyth the Chopper (level 4, -2/35 HPs)
             Began as a Coglin Gladiator on Feb 25, 2024.
             Slain by a gnoll
             ... wielding a +0 spear
              (4 damage)
             ... on level 2 of the Dungeon.
             The game lasted 00:02:06 (1107 turns).

cforsyth the Chopper (Coglin Gladiator)             Turns: 1107, Time: 00:02:07

Health: -2/35      AC:  5    Str: 16    XL:     4   Next: 0%
Magic:  4/4        EV: 12    Int:  8    God:
Gold:   78         SH:  0    Dex: 15    Spells: 3/3 levels left

rFire   . . .        a - +1 war axe {Chun}
rCold   . . .        i - +0 dagger {Xiuying}
rNeg    . . .        b - +0 leather armour
rPois   .            c - +1 helmet
rElec   .            (no cloak)
rCorr   .            (no gloves)
SInv    .            (no boots)
Will    .....        (no amulet)
Stlth   +            (ring unavailable)
HPRegen 0.25/turn    (ring unavailable)
MPRegen 0.09/turn

%: no passive effects
@: revving
A: off-hand wielding, slow wielding, warmup strikes, no rings
a: no special abilities


You were on level 2 of the Dungeon.
You visited 1 branch of the dungeon, and saw 2 of its levels.

You collected 78 gold pieces.


Innate Abilities, Weirdness & Mutations

You can wield a second weapon in your off-hand.
It takes a long time for you to wield or remove held weapons.
Your first few attacks do less damage.
Your grasper-arms cannot wear rings.


   Skills:
 + Level 3.0 Fighting
 + Level 3.4 Axes
 - Level 1.7 Throwing
 + Level 1.6 Armour
 - Level 2.6 Dodging


You had 3 spell levels left.
You didn't know any spells.
Your spell library was empty.

Inventory:

Hand Weapons
 a - a +1 war axe (weapon) {Chun}
 i - a +0 dagger (offhand) {Xiuying}
Missiles
 d - 3 throwing nets (quivered) {=f}
 e - a javelin
Armour
 b - a +0 leather armour (worn)
 c - a +1 helmet (worn)
Scrolls
 f - 2 scrolls of identify {unknown}

Dungeon Overview and Level Annotations

Branches:
Dungeon (2/15)

Altars:

#............#
##.#######.###
#.# #.#
.######.##
......†)>###
..#####g...####
#g.......
#@...####
..........##
......(...#
>.######..#
#.## !# .# ##


You could see 2 gnolls.


Message History

The gnoll attacks as it pursues you! The gnoll completely misses you.
There is a stone staircase leading down here.
Unknown command.
Unknown command.
Found a bubbling coppery potion.
The gnoll misses you. The gnoll attacks as it pursues you!
The gnoll hits you from afar with a +0 spear.
* * * LOW HITPOINT WARNING * * *
Found a stone staircase leading down.
The gnoll attacks as it pursues you! The gnoll hits you with a +0 whip.
* * * LOW HITPOINT WARNING * * *
The gnoll attacks as it pursues you!
The gnoll hits you from afar with a +0 spear.
* * * LOW HITPOINT WARNING * * *
You aren't carrying any potions.
Unknown command.
As you read the scroll labelled QISEYFY JOSOI, it crumbles to dust.
It is a scroll of enchant armour.
Your +0 helmet glows green for a moment.
The gnoll hits you with a +0 whip.
* * * LOW HITPOINT WARNING * * *
The gnoll hits you from afar with a +0 spear.
* * * LOW HITPOINT WARNING * * *
Unknown command.
As you read the scroll labelled DOPNUZ HYO, it crumbles to dust.
It is a scroll of enchant weapon.
Your +0 war axe {Chun} glows red for a moment.
The gnoll barely misses you.
The gnoll hits you from afar with a +0 spear.
You die...

Skill      XL: |  1  2  3 |
---------------+----------+-----
Armour         | 1 |  1.6
Fighting       | 3 |  3.0
Axes           | |  3.4
Throwing       | |  1.7
Dodging        | |  2.6

Action                     |  1- 3 |  4- 6 || total
---------------------------+-------+-------++-------
  Melee: War axe           |   105 |       ||   105
         Dagger            |    13 |       ||    13
    Use: Scroll            |       |     2 ||     2
   Stab: Sleeping          |     1 |       ||     1
 Armour: Leather armour    |    67 |     6 ||    73
  Dodge: Dodged            |    77 |     3 ||    80

Levels and vault maps discovered:
D:1:      amcnicky_arrival_flooded_fountain, layout_loops_corners,
          minmay_misc_feat_four_crosses, wander_ebering_terrifying_dragon_lair
D:2:      layout_loops_ring, shapermc_ecumenical_altar_ellora

Notes
Turn   | Place    | Note
-------+----------+-------------------------------------------
     0 | D:1      | cforsyth the Coglin Gladiator began the quest for the Orb.
     0 | D:1      | Reached XP level 1. HP: 16/16 MP: 1/1
   246 | D:1      | Reached XP level 2. HP: 23/23 MP: 2/2
   289 | D:1      | Reached skill level 1 in Armour
   597 | D:1      | Reached XP level 3. HP: 18/28 MP: 3/3
  1102 | D:2      | Reached skill level 3 in Fighting
  1102 | D:2      | Reached XP level 4. HP: 15/35 MP: 4/4
  1106 | D:2      | HP: 3/35 [gnoll/+0 whip (2)]
  1107 | D:2      | Slain by a gnoll

Vanquished Creatures
  An adder (D:2)
  A gnoll (D:2)
  2 endoplasms (D:1)
  8 hobgoblins
  6 jackals (D:1)
  A kobold (D:1)
  A quokka (D:1)
  3 ball pythons
  A bat (D:1)
  6 frilled lizards (D:1)
  3 goblins (D:1)
  2 rats (D:1)
35 creatures vanquished.

Table legend: (Time is in decaauts)
 A = Elapsed time spent in this place.
 B = Non-inter-level travel time spent in this place.
 C = Inter-level travel time spent in this place.
 D = Time resting spent in this place.
 E = Time spent auto-exploring this place.
 F = Levels seen in this place.
 G = Mean time per level.
                   A        B        C        D        E       F      G
               +--------+--------+--------+--------+--------+-----+--------+
         Total |   1139 |   1057 |     82 |      0 |    803 |   2 |  569.5 |
       Dungeon |   1139 |   1057 |     82 |      0 |    803 |   2 |  569.5 |
               +--------+--------+--------+--------+--------+-----+--------+

Top non-repeatable levels by time:
     D:1: 1106 daAuts
     D:2: 32 daAuts

Table legend:
 A = Non-vault XP
 B = Vault XP
 C = Vault XP percentage of total XP
 D = Non-vault monster count
 E = Vault monster count
 F = Vault count percentage of total count
                 A         B        C        D         E       F
            +---------+---------+-------+---------+---------+-------
      Total |      81 |       1 |   1.2 |      34 |       1 |   2.9
            +---------+---------+-------+---------+---------+-------
        D:1 |      50 |       1 |   2.0 |      30 |       1 |   3.2
        D:2 |      31 |       0 |   0.0 |       4 |       0 |   0.0
            +---------+---------+-------+---------+---------+-------
